 Dungeon Crawl Stone Soup version 0.27.1-33-g824d729ab1 (webtiles) character file.

Game seed: 9600332847206305254

27 Destapler the Magician (level 2, 19/21 HPs)
             Began as a Demonspawn Hedge Wizard on Dec 27, 2021.
             Was a Follower of Uskayaw.
             Got out of the dungeon alive.
             The game lasted 00:03:15 (1287 turns).

Destapler the Magician (Demonspawn Hedge Wizard)    Turns: 1287, Time: 00:03:15

Health: 19/21      AC:  3    Str: 10    XL:     2   Next: 93%
Magic:  6/6        EV: 11    Int: 15    God:    Uskayaw [*.....]
Gold:   18         SH:  0    Dex: 12    Spells: 6/7 levels left

rFire    . . .     SeeInvis .   a - +1 dagger (venom)
rCold    . . .     Faith    .   (no shield)
rNeg     . . .     Spirit   .   p - +0 leather armour
rPois    .         Reflect  .   c - +0 hat
rElec    .         Harm     .   (no cloak)
rCorr    .         Rampage  .   (no gloves)
Will     .....                  (no boots)
Stlth    ++........             (no amulet)
HPRegen  0.07/turn              (no ring)
MPRegen  0.10/turn              (no ring)

@: no status effects
A: foul stench 1
a: Renounce Religion, Stomp


You escaped.
You worshipped Uskayaw.
Uskayaw was noncommittal.
You visited 1 branch of the dungeon, and saw 2 of its levels.

You collected 18 gold pieces.

Inventory:

Hand Weapons
 a - a +1 dagger of venom (weapon)
Missiles
 h - 15 poisoned darts
Armour
 c - a +0 hat (worn)
 p - a +0 leather armour (worn)
Magical Staves
 f - a staff of earth
Scrolls
 d - 2 scrolls of teleportation {unknown}
 l - 2 scrolls of enchant armour {unknown}
 m - a scroll of holy word {unknown}
 o - a scroll of enchant weapon {unknown}
Potions
 e - a potion of degeneration {unknown}
 g - a potion of might {unknown}
 i - a potion of lignification {unknown}
 j - a potion of invisibility {unknown}
 k - a potion of magic {unknown}
 n - a potion of ambrosia {unknown}


   Skills:
 + Level 1.0 Fighting
 + Level 0.8 Armour
 + Level 2.1 Dodging
 + Level 2.1 Stealth
 - Level 3.0 Spellcasting
 - Level 1.0 Conjurations
 - Level 1.0 Summonings
 + Level 1.3 Translocations


You had 6 spell levels left.
You knew the following spells:

 Your Spells              Type           Power      Damage    Failure   Level
a - Magic Dart            Conj           20%        1d4       19%         1

Your spell library contained the following spells:

 Spells                   Type           Power      Damage    Failure   Level
 Blink                    Tloc           N/A        N/A       24%         2
 Call Imp                 Summ           5%         N/A       26%         2
 Slow                     Hex            2%         N/A       38%         2
 Conjure Flame            Conj/Fire      3%         6-21      54%         3
 Mephitic Cloud           Conj/Pois/Air  3%         N/A       56%         3


Dungeon Overview and Level Annotations

Branches:
Dungeon (2/15)

Altars:
Uskayaw


Innate Abilities, Weirdness & Mutations

You may rarely emit foul miasma when damaged in melee.


Message History

There is a shaft here.
A bat comes into view.
The bat hits you but does no damage. The bat barely misses you.
You barely miss the bat. The bat closely misses you.
You hit the bat.
The bat is poisoned.
The bat is moderately wounded.
The endoplasm quivers.
You kill the bat!
You hit the endoplasm.
The endoplasm is moderately wounded.
The endoplasm barely misses you.
You hit the endoplasm.
The endoplasm is severely wounded.
The endoplasm hits you.
You hit the endoplasm but do no damage.
The endoplasm is severely wounded.
The endoplasm barely misses you.
You barely miss the endoplasm.
The endoplasm is severely wounded.
The endoplasm freezes you.
You are frozen.
You barely miss the endoplasm.
The endoplasm is severely wounded.
The endoplasm freezes you.
You are frozen.
You hit the endoplasm.
The endoplasm is almost dead.
The endoplasm closely misses you.
You can now pass through a line of other dancers.
You hit the endoplasm.
You kill the endoplasm!
Your Fighting skill increases to level 1!
There is a stone staircase leading up here.
You climb upwards.
There is a stone staircase leading down here.
You can't go up here!
You can no longer pass through a line of other dancers.
There is a staircase leading out of the dungeon here.
Are you sure you want to leave the Dungeon?
This will make you lose the game!
You have escaped!

......##.......#
##..##..........
...............#
#...##.........
......##########
############### ......####
###### ######
.........####....####....##
..........##......##......#
###.####..##..##..##..##..# #.#
#..##..#....#..##..# #.#
#..##..#.@..#..##..#### #.#
#..##..##..##..##..##.##
###.####......##......##......#
#.....###....####....####.....#
..#...# ###### ###### ####.##
.######## ### ###### ##..# ##
#.#######.# #.#..####...#
#######.........###.##......#.#
..........>...........##..###.#


There were no monsters in sight!

Vanquished Creatures
  A dart slug (D:1)
  2 ball pythons (D:1)
  4 endoplasms
  A giant cockroach (D:1)
  3 goblins (D:1)
  2 hobgoblins (D:1)
  A kobold (D:1)
  2 quokkas (D:1)
  2 bats
  A frilled lizard (D:1)
  2 rats (D:1)
21 creatures vanquished.

Notes
Turn   | Place    | Note
-------+----------+-------------------------------------------
     0 | D:1      | Destapler the Demonspawn Hedge Wizard began the quest for
                  | the Orb.
     0 | D:1      | Reached XP level 1. HP: 13/13 MP: 4/4
    22 | D:1      | Reached skill level 1 in Translocations
   170 | D:1      | Gained mutation: You may rarely emit foul miasma when
                  | damaged in melee. [demonic ancestry]
   170 | D:1      | Reached XP level 2. HP: 15/20 MP: 6/6
  1227 | D:2      | Found a faded altar of an unknown god.
  1233 | D:2      | Became a worshipper of Uskayaw the Reveller
  1233 | D:2      | Reached * piety under Uskayaw
  1246 | D:2      | Reached ** piety under Uskayaw
  1248 | D:2      | Reached skill level 1 in Fighting
  1287 | D:$      | Got out of the dungeon alive.

Illustrated notes

Levels and vault maps discovered:
D:1:      minmay_arrival_wavy_path, layout_rooms, serial_park_tiny_2,
          kennysheep_small_spiral, corexii_leaking_fountain, patterned_corridor
D:2:      layout_loops_ring, hellmonk_ecumenical_altar_leap_of_faith,
          st_stairs_7

Skill      XL: |  1  2 |
---------------+-------+-----
Translocations | 1 |  1.3
Stealth        | 2 |  2.1
Dodging        | 2 |  2.1
Fighting       | 1 |  1.0
Armour         | |  0.8
Spellcasting   | |  3.0
Conjurations   | |  1.0
Summonings     | |  1.0

Action                   || total
-------------------------++-------
Melee: Dagger            ||    33
 Cast: Magic Dart        ||    29
 Stab: Sleeping          ||     1
Armor: Robe              ||     3
       Leather armour    ||     1
Dodge: Dodged            ||    19
